 Dungeon Crawl Stone Soup version 0.21.0-25-ge575cb9 (webtiles) character file.

159 pstr the Digger (level 5, -3/42 HPs)
             Began as a Naga Earth Elementalist on Jan 23, 2018.
             Was a Follower of Elyvilon.
             Slain by an orc priest
             ... wielding a +0 dagger
              (5 damage)
             ... on level 2 of the Dungeon.
             The game lasted 00:06:45 (2305 turns).

pstr the Digger (Naga Earth Elementalist)           Turns: 2305, Time: 00:06:46

Health: -3/42      AC:  2    Str: 10 (11) XL:     5   Next: 40%
Magic:  7/10       EV: 15    Int: 15 (16) God:    Elyvilon [*.....]
Gold:   153        SH:  0    Dex: 13 (16) Spells: 6/10 levels left

rFire    . . .     SeeInvis +   (no weapon)
rCold    . . .     Gourm    .   (no shield)
rNeg     . . .     Faith    .   c - +0 robe
rPois    +         Spirit   .   (no helmet)
rElec    .         Reflect  .   (no cloak)
rCorr    .         Harm     .   (no gloves)
MR       .....                  (no barding)
Stlth    +++.......             (no amulet)
HPRegen  0.14/turn              (no ring)
MPRegen  0.12/turn              (no ring)

@: agile, very slow
A: large, see invisible, deformed body, poison resistance, slowness 2, slow
metabolism 1, spit poison 1, AC +1
a: Spit Poison, Lesser Healing, Divine Protection, Renounce Religion


You were on level 2 of the Dungeon.
You worshipped Elyvilon.
Elyvilon was aware of your devotion.
You were very hungry.

You visited 1 branch of the dungeon, and saw 3 of its levels.

You collected 153 gold pieces.

Inventory:

Missiles
 b - 75 stones (quivered)
Armour
 c - a +0 robe (worn)
 f - a cursed +0 leather armour
Scrolls
 g - a scroll of remove curse {unknown}
 i - a scroll of magic mapping {unknown}
 j - 3 scrolls of identify {unknown}
 k - 4 scrolls of teleportation {unknown}
 n - a scroll of enchant weapon {unknown}
 o - a scroll of blinking {unknown}
Potions
 p - a potion of berserk rage {unknown}
Books
 e - a book of Geomancy

   Spells                             Type                      Level
   a - Sandblast                      Earth                        1
   b - Passwall                       Transmutation/Earth          2
   c - Stone Arrow                    Conjuration/Earth            3
   d - Petrify                        Transmutation/Earth          4
   e - Lee's Rapid Deconstruction     Earth                        5
Comestibles
 d - 3 rations


   Skills:
 + Level 1.7 Dodging
 + Level 3.8 Stealth
 + Level 3.3 Spellcasting
 + Level 0.1 Conjurations
   Level 1.0 Transmutations
 + Level 4.6 Earth Magic


You had 6 spell levels left.
You knew the following spells:

 Your Spells              Type           Power        Failure   Level  Hunger
a - Sandblast             Erth           ###...       2%          1    None
b - Stone Arrow           Conj/Erth      #.....       22%         3    ###....


Dungeon Overview and Level Annotations

Branches:
Dungeon (3/15)

Altars:
Elyvilon


Innate Abilities, Weirdness & Mutations

You cannot wear boots.
Your serpentine skin is tough. (AC +1)
You have supernaturally acute eyesight. (SInv)
Armour fits poorly on your strangely shaped body.
Your system is resistant to poisons. (rPois)
You cover ground very slowly.
You have a slow metabolism.
You can spit poison.


Message History

Aiming: Sandblast
Press: ? - help, Shift-Dir - straight line, f - orc priest
Aim: an orc priest, wielding a dagger and wearing a chain mail
Okay, then.
Unknown command.
The orc hits you with a flail.
* * * LOW HITPOINT WARNING * * *
The orc priest barely misses you.
You climb upwards.
There is a stone staircase leading down here.
It was a potion of degeneration.
There was something very wrong with that liquid.
You feel weakened.
You feel dopey.
You feel clumsy. The orc priest barely misses you.
It was a potion of cancellation.
You feel magically purged. The orc barely misses you.
The orc priest barely misses you.
It was a potion of agility.
You feel agile all of a sudden. The orc misses you.
The orc priest hits you with a dagger.
You die...

#..###.#.###.#...# #.#
#................# #.#
..####.#.........# #.#
..####.#.........######.######
.............#...............#
..................#####.####.#
.......#..##......## #.# #.#
.....#.#.......o...####.####.####
.....+..........@................
.....#.#.......o.................
.....#.#.......#..###.######.###.
............[.......#.# #.# #.
.#.###.........#....#.# #.# #.
.#.###.........#..###.### #.# #.
..........##...#.##.###.####.# #.
...............#...#.#_#.#...# #.
.................####.###.##.# #.


You could see an orc priest and an orc.

Vanquished Creatures
  Natasha (thrice) (D:2)
  3 adders (D:2)
  2 oozes (D:2)
  2 worms (D:2)
  4 dart slugs
  3 orcs (D:3)
  2 ball pythons
  7 bats
  2 giant cockroaches
  A goblin (D:2)
  3 hobgoblins
  2 kobolds (D:1)
  4 frilled lizards
  A rat (D:1)
39 creatures vanquished.

Notes
Turn   | Place    | Note
-------+----------+-------------------------------------------
     0 | D:1      | pstr the Naga Earth Elementalist began the quest for the Orb.
     0 | D:1      | Reached XP level 1. HP: 15/15 MP: 3/3
   144 | D:1      | Reached XP level 2. HP: 22/22 MP: 0/5
   646 | D:2      | Reached XP level 3. HP: 28/28 MP: 2/6
   651 | D:2      | Learned a level 3 spell: Stone Arrow
   722 | D:2      | Noticed Natasha
   729 | D:2      | Killed Natasha
   802 | D:2      | Noticed Natasha
   808 | D:2      | Killed Natasha
   808 | D:2      | Reached XP level 4. HP: 28/36 MP: 2/8
   921 | D:2      | Reached skill level 4 in Earth Magic
  1072 | D:2      | Noticed Natasha
  1178 | D:2      | Killed Natasha
  1178 | D:2      | Reached XP level 5. HP: 35/42 MP: 6/10
  1701 | D:2      | Found a faded altar of an unknown god.
  1703 | D:2      | Became a worshipper of Elyvilon the Healer
  1703 | D:2      | Reached * piety under Elyvilon
  2301 | D:3      | HP: 2/42 [orc/flail (5)]
  2305 | D:2      | Slain by an orc priest

Skill      XL: |  1  2  3  4 |
---------------+-------------+-----
Spellcasting   | 3 |  3.3
Earth Magic    | 4 |  4.6
Dodging        | |  1.7
Stealth        | |  3.8
Conjurations   | |  0.1
Transmutations | |  1.0

Action                   |  1- 3 |  4- 6 || total
-------------------------+-------+-------++-------
Melee: Unarmed           |     2 |       ||     2
 Cast: Sandblast         |    32 |     9 ||    41
       Stone Arrow       |       |    20 ||    20
 Abil: Spit Poison       |     4 |    10 ||    14
  Use: Potion            |       |     3 ||     3
  Eat: Chunk             |       |     5 ||     5
Armor: Robe              |     2 |     1 ||     3
Dodge: Dodged            |    12 |    11 ||    23
